 Dungeon Crawl Stone Soup version 0.31.0-11-ge490571c62 (webtiles) character file.

Game seed: 18206600918785882793

92965 jestert79 the Brawler (level 15, -8/144 HPs)
             Began as a Troll Hexslinger on Feb 2, 2024.
             Was an Elder of Ru.
             Mangled by an orc knight
             ... wielding a +2 halberd of flaming
              (16 damage)
             ... on level 2 of the Orcish Mines.
             The game lasted 01:28:46 (23214 turns).

jestert79 the Brawler (Troll Hexslinger)           Turns: 23214, Time: 01:28:46

Health: -8/144     AC: 12    Str: 24    XL:     15   Next: 59%
Magic:  15/15      EV: 12    Int: 10    God:    Ru [****..]
Gold:   1665       SH: 13    Dex: 14    Spells: 14/16 levels left

rFire   . .          .
                       - Unarmed
rCold   + . .        M - +1 kite shield
rNeg    . . .        G - +2 robe {rC+}
rPois   .            W - +2 hat {Int+3}
rElec   .            (no cloak)
rCorr   .            (gloves unavailable)
SInv    +            (boots unavailable)
Will    +....        (no amulet) Stlth
                     N - +4 ring of protection
HPRegen 1.24/turn    A - ring of see invisible
MPRegen 0.14/turn

%: no passive effects
@: no status effects
A: large, unfitting armour, claws 3, dopey 1, regeneration 1, screaming 1,
shaggy fur 1, tough skin 1, no stealth, hated by all, no air magic, no
conjurations magic, no alchemy magic, no forms
a: Renounce Religion, Sacrifice Health, Sacrifice Words, Sacrifice Courage,
Reject Sacrifices, Draw Out Power, Power Leap


You were on level 2 of the Orcish Mines.
You worshipped Ru.
Ru was greatly pleased with you.
You visited 3 branches of the dungeon, and saw 21 of its levels.
You also visited: Sewer.

You collected 2062 gold pieces.
You spent 397 gold pieces at shops.

Inventory:

Missiles
 g - 36 poisoned darts
 s - 3 javelins
 z - 2 throwing nets
 D - 6 curare-tipped darts
 I - 28 large rocks (quivered)
Armour
 G - a +2 robe of cold resistance (worn)
 M - a +1 kite shield (worn)
 W - a +2 hat of intelligence (worn)
Jewellery
 v - a ring of resist corrosion
 x - a ring of positive energy
 A - a ring of see invisible (right claw)
 K - a ring of wizardry
 L - a ring of willpower
 N - a +4 ring of protection (left claw)
 Q - a ring of positive energy
 U - a +5 ring of evasion
Wands
 t - a wand of paralysis (13)
 w - a wand of digging (12)
 y - a wand of roots (35)
 B - a wand of light (8)
 C - a wand of polymorph (13)
 V - a wand of flame (35)
Scrolls
 b - 4 scrolls of poison
 c - 3 scrolls of fog
 f - 2 scrolls of blinking
 h - 7 scrolls of enchant weapon
 m - 2 scrolls of enchant armour
 o - 2 scrolls of torment
 p - 2 scrolls of amnesia
 u - 9 scrolls of teleportation
 E - 2 scrolls of butterflies
 F - 2 scrolls of immolation
 J - 4 scrolls of revelation
 O - 2 scrolls of vulnerability
 P - 5 scrolls of identify
 T - a scroll of fear
Potions
 d - 4 potions of might
 e - 2 potions of magic
 i - 6 potions of brilliance
 j - 3 potions of mutation
 k - 7 potions of curing
 l - 2 potions of attraction
 n - a potion of haste
 q - a potion of enlightenment
 r - 6 potions of heal wounds
 H - 2 potions of resistance
 S - 2 potions of berserk rage
Miscellaneous
 R - a lightning rod (4/4)


   Skills:
 + Level 8.3 Fighting
 - Level 1.2 Ranged Weapons
 + Level 7.5 Throwing
 + Level 8.5 Dodging
 + Level 12.7 Shields
 + Level 17.9 Unarmed Combat
 - Level 1.0 Spellcasting
 - Level 2.0 Hexes
 - Level 0.6 Fire Magic
 - Level 4.7 Evocations


You had 14 spell levels left.
You knew the following spells:

 Your Spells              Type           Power      Damage    Failure   Level
a - Jinxbite              Hex            8%         N/A       34%         2

Your spell library contained the following spells:

 Spells                   Type           Power      Damage    Failure   Level
 Apportation              Tloc           0%         N/A       47%         1
 Necrotise                Necr           0%         1d4       47%         1
 Ensorcelled Hibernation  Hex/Ice        4%         N/A       47%         2
 Confusing Touch          Hex            4%         N/A       56%         3
 Sigil of Binding         Hex            4%         N/A       56%         3
 Blink                    Tloc           0%         N/A       63%         2
 Inner Flame              Hex/Fire       3%         N/A       67%         3
 Passwall                 Erth           0%         N/A       85%         3
 Cause Fear               Hex            2%         N/A       93%         4
 Dimensional Bullseye     Hex/Tloc       1%         N/A       98%         4
 Dispel Undead            Necr           0%         3d6       99%         4
 Ozocubu's Refrigeration  Ice            0%         4d7       100%        7
 Ignition                 Fire           0%         3d3       100%        8
 Polar Vortex             Ice            0%         N/A       100%        9
 Foxfire                  Conj/Fire      Unusable   2x1d4     N/A         1
 Kiss of Death            Conj/Necr      Unusable   2d5       N/A         1
 Magic Dart               Conj           Unusable   1d3       N/A         1
 Sting                    Conj/Alch      Unusable   1d3       N/A         1
 Summon Small Mammal      Summ           Unusable   N/A       N/A         1
 Call Imp                 Summ           Unusable   N/A       N/A         2
 Hailstorm                Conj/Ice       Unusable   3d5       N/A         3
 Summon Ice Beast         Ice/Summ       Unusable   N/A       N/A         3
 Swiftness                Air            Unusable   N/A       N/A         3
 Brom's Barrelling Bould  Conj/Erth      Unusable   2d3       N/A         4
 Ignite Poison            Fire/Alch      Unusable   N/A       N/A         4
 Sticky Flame             Fire/Alch      Unusable   2d4       N/A         4
 Plasma Beam              Fire/Air       Unusable   2x1d10    N/A         6
 Sculpt Simulacrum        Ice/Alch       Unusable   N/A       N/A         6
 Starburst                Conj/Fire      Unusable   6d3       N/A         6

Dungeon Overview and Level Annotations

Branches:
Dungeon (14/15)            Temple (0/1) D:5            Lair (5/5) D:8
  Swamp (0/4) Lair:2       Spider (0/4) Lair:3        Slime (0/5) Lair:5
    Orc (2/2) D:10            Elf (0/3) Orc:2        Vaults (0/5) D:14
  Sewer (visited)

Altars:
Ashenzari
Cheibriados
Elyvilon
Gozag
Makhleb
Okawaru
Ru
Sif Muna
Trog
Vehumet
Xom
Zin
The Shining One

Shops:
D:4 *   D:6 [   D:7 *   D:8 [   D:12 !   Orc:2 :

Portals:
Trove: D:14 (give 3 potions of resistance)

Annotations:
D:4 3 runed translucent doors, soberseth's ghost, amateur DrSh
Lair:5 exclusions: obsidian statue and 3 oklob plants


Innate Abilities, Weirdness & Mutations

You are too large for most types of armour.
You have claws for hands.
You are dopey. (Int -2)
Your natural rate of healing is unusually fast.
You occasionally shout uncontrollably at your foes.
You are covered in fur. (AC +1)
You have tough skin. (AC +1)
You cannot be stealthy.
You are hated by all.
You cannot study or cast Air magic.
You cannot study or cast Conjurations magic.
You cannot study or cast Alchemy magic.
You cannot voluntarily change form.


Message History

The orc knight hits you from afar with a +2 halberd of flaming!!
The orc knight burns you.
* * * LOW HITPOINT WARNING * * *
You block the ogre's attack.
Unknown command.
You claw the ogre!
You kill the ogre!
Unknown command.
There is a roughly hewn altar of Beogh here.
The orc knight is no longer blind.
Ru believes you are ready to make a new sacrifice.
There is an open door here.
Unknown command.
The orc knight attacks as it pursues you!
You block the orc knight's attack.
There is an open door here.
Things that are here:
a +0 giant club; an ogre corpse The orc knight attacks as it pursues you!
You block the orc knight's attack.
The orc knight attacks as it pursues you!
The orc knight hits you from afar with a +2 halberd of flaming!
The orc knight burns you.
* * * LOW HITPOINT WARNING * * *
There is an open door here.
Things that are here:
a +0 club; a +0 leather armour The orc knight attacks as it pursues you!
The orc knight hits you from afar with a +2 halberd of flaming!
* * * LOW HITPOINT WARNING * * *
The orc knight burns you!
* * * LOW HITPOINT WARNING * * *
The orc knight attacks as it pursues you!
The orc knight hits you from afar with a +2 halberd of flaming!
* * * LOW HITPOINT WARNING * * *
The orc knight burns you.
* * * LOW HITPOINT WARNING * * *
The orc knight attacks as it pursues you!
The orc knight hits you from afar with a +2 halberd of flaming!
You die...

#.#.....# ##......####.(...
#.###'########.....)..###....
#.....#.....#.....[....###)..
#####.#.....#...[<)......##[.
#∩..#.)..⌠..#.....[..)(..[[#.
#...'.#.....#......[.)#..)...
#...#.#.....#........#.......
#####.###)###......###.......
#.#...o.@.....###..##....
'.#...........##..####..#
#.##.........#####.# ####
#+##.......###.##.### #
##.......##....##.### #
#.........#.....##..###
#...............##..#.#
#.#........#....#....##
###.............#....#


You could see an orc knight.

Vanquished Creatures
  Jorgrun (D:10)
  Rupert (Lair:4)
  Frances (D:12)
  An orc warlord (D:10)
  An eleionoma (Lair:2)
  3 dire elephants (Lair:5)
  Snorg (D:13)
  An entropy weaver (shapeshifter) (D:13)
  Erolcha (D:13)
  3 hydras
  Fannar (Lair:1)
  The ghost of SigmundSlayer the Frost Mage, a journeyman DsIE of Vehumet (D:8)
  6 centaur warriors
  2 catoblepae
  10 two-headed ogres
  2 boulder beetles
  A death knight (D:14)
  5 death yaks
  2 orc high priests
  Sonja (D:10)
  A spectral death yak (Lair:5)
  Nergalle (D:11)
  4 skysharks
  A pharaoh ant (Lair:3)
  2 skeletal warriors (D:14)
  A spectral anaconda (Lair:5)
  2 arcanists (D:14)
  A deep elf zephyrmancer (Orc:1)
  4 orc sorcerers (Orc:2)
  4 orc knights
  4 necromancers
  A deep elf pyromancer (Orc:1)
  4 cyclopes
  2 manticores (D:12)
  8 elephants
  Joseph (Lair:1)
  5 black mambas
  9 kobold blastminers (Orc:2)
  12 cane toads
  4 gargoyles
  5 rime drakes
  An unseen horror (D:11)
  8 komodo dragons
  5 trolls
  3 hornets
  4 polar bears
  2 spectral elephants (Lair:5)
  8 blink frogs
  7 dream sheep (Lair:4)
  Sigmund (D:5)
  3 wyverns
  3 vampires
  Grum (D:9)
  3 wraiths
  72 yaks
  A steam dragon (D:8)
  16 humans
  5 basilisks
  5 wargs
  A redback (Lair:3)
  2 spectral cane toads (Lair:5)
  2 death yak simulacra (Lair:5)
  Edmund (D:5)
  2 acid dragons
  14 water moccasins
  A swamp drake (Orc:1)
  An ice beast (D:5)
  7 black bears
  40 orc warriors
  2 elephant zombies (Lair:5)
  3 wolves
  4 boggarts (Lair:3)
  15 ogres
  3 elephant skeletons (Lair:5)
  8 centaurs
  2 phantoms (D:5)
  8 kobold brigands
  2 brain worms (Sewer)
  7 bullfrogs
  4 gnoll sergeants
  4 scorpions
  A hornet simulacrum (D:14)
  6 wights (D:9)
  An elephant simulacrum (Lair:5)
  6 killer bees
  An electric eel (D:11)
  A crimson imp (Orc:1)
  4 jellies
  An iron imp (Orc:1)
  A hound (D:7)
  3 bombardier beetles
  19 orc priests
  3 sleepcaps (D:7)
  2 gnoll boudas
  4 iguanas
  16 orc wizards
  Ijyb (D:5)
  18 gnolls
  6 adders
  4 river rats (Sewer)
  2 shadow imps
  A white imp (D:7)
  A dart slug (D:4)
  4 ribbon worms
  103 orcs
  5 ball pythons
  7 bats
  11 endoplasms
  2 giant cockroaches (D:4)
  6 hobgoblins
  14 jackals
  15 kobolds
  5 quokkas
  6 frilled lizards
  4 goblins
  2 rats
688 creatures vanquished.

Vanquished Creatures (others)
  A dire elephant (Lair:5)
  A hydra (Lair:5)
  An acid dragon (D:10)
  2 orc warriors (Orc:1)
  A bullfrog (Lair:2)
  A white imp (Orc:1)
  4 orcs
11 creatures vanquished.

Grand Total: 699 creatures vanquished

Notes
Turn   | Place    | Note
-------+----------+-------------------------------------------
     0 | D:1      | jestert79 the Troll Hexslinger began the quest for the Orb.
     0 | D:1      | Reached XP level 1. HP: 18/18 MP: 1/1
    56 | D:1      | Reached skill level 1 in Unarmed Combat
   142 | D:1      | Reached XP level 2. HP: 26/26 MP: 2/2
   170 | D:1      | Learned a level 2 spell: Jinxbite
   182 | D:1      | Reached skill level 2 in Unarmed Combat
   677 | D:2      | Reached XP level 3. HP: 32/32 MP: 3/3
   703 | D:2      | Reached skill level 3 in Unarmed Combat
   806 | D:2      | Found a faded altar of an unknown god.
   819 | D:2      | Prayed at the altar of an unknown god.
   819 | D:2      | Became a worshipper of Ru the Awakened
   837 | D:2      | Gained mutation: You are hated by all. [Ru sacrifice]
   837 | D:2      | Reached * piety under Ru
  1225 | D:3      | Noticed a centaur
  1235 | D:3      | HP: 1/32 [centaur (1)]
  1238 | D:3      | Killed a centaur
  1239 | D:3      | Reached skill level 4 in Unarmed Combat
  1239 | D:3      | Reached XP level 4. HP: 6/40 MP: 4/4
  1239 | D:3      | Reached XP level 5. HP: 6/46 MP: 5/5
  1865 | D:4      | Found Conamek's Overcharged Wands.
  1985 | D:4      | Reached skill level 5 in Unarmed Combat
  2147 | D:4      | Found a runed translucent gate.
  2147 | D:4      | Found a runed translucent gate.
  2147 | D:4      | Found a runed translucent gate.
  2151 | D:4      | Noticed soberseth's ghost (amateur DrSh)
  2258 | D:4      | Noticed a hornet
  2266 | D:4      | Killed a hornet
  2267 | D:4      | Reached skill level 6 in Unarmed Combat
  2267 | D:4      | Reached XP level 6. HP: 44/54 MP: 6/6
  2452 | D:4      | Reached skill level 7 in Unarmed Combat
  2924 | D:5      | Entered Level 5 of the Dungeon
  2935 | D:5      | Reached XP level 7. HP: 61/61 MP: 7/7
  2966 | D:5      | Found a staircase to the Ecumenical Temple.
  2968 | D:5      | Noticed Edmund
  2980 | D:5      | Killed Edmund
  3041 | D:5      | Reached skill level 8 in Unarmed Combat
  3048 | D:5      | Gained mutation: You are dopey. (Int -2) [Ru sacrifice]
  3048 | D:5      | Reached ** piety under Ru
  3108 | D:5      | Noticed Sigmund
  3119 | D:5      | Noticed Ijyb
  3189 | D:5      | Paralysed by Ijyb for 3 turns
  3204 | D:5      | Killed Ijyb
  3251 | D:5      | Killed Sigmund
  3252 | D:5      | Reached skill level 9 in Unarmed Combat
  3252 | D:5      | Reached XP level 8. HP: 64/68 MP: 8/8
  3473 | D:5      | Identified the +6 mace of World's End {flame, *Slow rPois
                  | Str+3}
  3504 | D:5      | Reached skill level 10 in Unarmed Combat
  3585 | D:6      | Found Kieqi's Armour Emporium.
  3592 | D:5      | Reached skill level 1 in Fighting
  3654 | D:6      | Found a glowing drain.
  3692 | Sewer    | Entered a sewer
  4331 | D:6      | Found an opulent altar of Gozag.
  4367 | D:6      | Reached XP level 9. HP: 45/80 MP: 9/9
  4666 | D:6      | Got the Quarto of the Missiles
  4805 | D:6      | Reached skill level 1 in Evocations
  4807 | D:6      | Reached skill level 11 in Unarmed Combat
  5453 | D:7      | You fall into a shaft and drop 2 floors!
  5453 | D:9      | Found a white marble altar of Elyvilon.
  5470 | D:9      | Noticed a two-headed ogre
  5471 | D:9      | Noticed a gargoyle
  5515 | D:9      | Gained mutation: You cannot study or cast Air magic. [Ru
                  | sacrifice]
  5515 | D:9      | Gained mutation: You cannot study or cast Alchemy magic.
                  | [Ru sacrifice]
  5515 | D:9      | Gained mutation: You cannot study or cast Conjurations
                  | magic. [Ru sacrifice]
  5515 | D:9      | Reached *** piety under Ru
  5616 | D:9      | Noticed Grum
  5644 | D:9      | Reached XP level 10. HP: 48/94 MP: 10/10
  5653 | D:9      | Killed Grum
  5866 | D:7      | Identified the +1 sling "Peowam" {flame, Fly SInv}
  6033 | D:7      | Found Deaxomill's General Store.
  6042 | D:7      | Bought a potion of might for 56 gold pieces
  6042 | D:7      | Bought a scroll of fear for 56 gold pieces
  6101 | D:7      | Reached skill level 5 in Dodging
  6317 | D:8      | Found Tiod's Antique Armour Emporium.
  6343 | D:8      | Bought an encrusted cloak for 285 gold pieces
  6343 | D:8      | Identified the -1 cloak "Wucraakuto" {rF+ rN+ Int+2} (You
                  | bought it in a shop on level 8 of the Dungeon)
  6479 | D:8      | Reached skill level 5 in Fighting
  6643 | D:8      | Noticed a death yak
  6669 | D:8      | Killed a death yak
  6705 | D:8      | Found a staircase to the Lair.
  6705 | D:8      | Noticed a death yak
  6707 | D:8      | Noticed a death yak
  6715 | D:8      | Reached skill level 12 in Unarmed Combat
  6725 | D:8      | Killed a death yak
  6731 | D:8      | Killed a death yak
  6738 | D:8      | HP: 3/98 [yak (11)]
  6989 | D:8      | Found a runed translucent gate.
  6990 | D:8      | Found a runed translucent gate.
  6991 | D:8      | Found a runed translucent gate.
  6991 | D:8      | Noticed SigmundSlayer's ghost (journeyman DsIE)
  7036 | D:8      | Reached XP level 11. HP: 105/105 MP: 11/11
  7271 | D:9      | Killed a two-headed ogre
  7618 | D:9      | Noticed a two-headed ogre
  7626 | D:9      | Reached skill level 1 in Shields
  7790 | D:9      | Found the +6 shillelagh "Devastator" {shatter}
  7802 | D:9      | Killed a two-headed ogre
  7820 | D:9      | Gained mutation: You cannot voluntarily change form. [Ru
                  | sacrifice]
  7956 | D:10     | Entered Level 10 of the Dungeon
  8150 | D:10     | Noticed a two-headed ogre
  8156 | D:10     | Killed a two-headed ogre
  8157 | D:10     | Reached skill level 13 in Unarmed Combat
  8192 | D:10     | Reached skill level 1 in Throwing
  8253 | D:10     | Noticed Sonja
  8256 | D:10     | Killed Sonja
  8328 | D:10     | Found a staircase to the Orcish Mines.
  8679 | D:10     | Found a glowing golden altar of the Shining One.
  8679 | D:10     | Found a burning altar of Makhleb.
  8679 | D:10     | Found a broken altar of Ashenzari.
  8681 | D:10     | Noticed a two-headed ogre
  8686 | D:10     | Killed a two-headed ogre
  8687 | D:10     | Reached skill level 5 in Shields
  8711 | D:10     | Found a glowing silver altar of Zin.
  8716 | D:10     | Found a bloodstained altar of Trog.
  8722 | D:10     | Found a radiant altar of Vehumet.
  8723 | D:10     | Found a shimmering blue altar of Sif Muna.
  8724 | D:10     | Found a snail-covered altar of Cheibriados.
  8767 | D:10     | Identified the +5 dagger "Lyr Naeg" {venom, Str+3 Int+4}
  9000 | Lair:1   | Entered Level 1 of the Lair of Beasts
  9000 | Lair:1   | Noticed a boulder beetle
  9010 | Lair:1   | Killed a boulder beetle
  9044 | Lair:1   | Noticed Fannar
  9182 | D:8      | Reached XP level 12. HP: 94/114 MP: 12/12
  9326 | Lair:1   | Killed Fannar
  9644 | Lair:1   | Noticed a four-headed hydra
  9650 | Lair:1   | Killed a four-headed hydra
  9725 | Lair:1   | Noticed Joseph
  9755 | Lair:1   | Killed Joseph
  9897 | Lair:1   | Reached skill level 14 in Unarmed Combat
  9910 | Lair:1   | Reached skill level 5 in Throwing
 10356 | Lair:2   | Gained mutation: You occasionally shout uncontrollably at
                  | your foes. [Ru sacrifice]
 10917 | Lair:2   | Noticed a death yak
 10942 | Lair:2   | Killed a death yak
 11107 | Lair:2   | Found a staircase to the Swamp.
 11107 | Lair:2   | Noticed an eleionoma
 11313 | Lair:2   | Killed an eleionoma
 11314 | Lair:2   | Reached XP level 13. HP: 122/122 MP: 13/13
 12308 | Lair:3   | Found a hole to the Spider Nest.
 12324 | Lair:3   | Reached skill level 15 in Unarmed Combat
 12809 | Lair:3   | Gained mutation: You cannot be stealthy. [Ru sacrifice]
 12809 | Lair:3   | Reached **** piety under Ru
 13277 | Lair:4   | Noticed Rupert
 13514 | Orc:1    | Entered Level 1 of the Orcish Mines
 13514 | Orc:1    | Noticed an orc warlord
 13560 | Orc:1    | Noticed Jorgrun
 14102 | Lair:4   | Found a sacrificial altar of Ru.
 14234 | Lair:4   | Killed Rupert
 14531 | Lair:4   | Reached skill level 10 in Shields
 14579 | Lair:4   | Reached skill level 16 in Unarmed Combat
 14776 | Lair:5   | Entered Level 5 of the Lair of Beasts
 15329 | Lair:5   | Found a staircase to the Slime Pits.
 15612 | Lair:5   | Reached XP level 14. HP: 124/131 MP: 14/14
 16751 | Lair:5   | Reached skill level 17 in Unarmed Combat
 16915 | Lair:5   | Identified the +0 sling "Goblinbane" {speed, ^Fragile rC+
                  | rN+ Int+4}
 17412 | D:8      | Killed SigmundSlayer's ghost
 17542 | D:11     | Noticed Nergalle
 17552 | D:11     | Killed Nergalle
 17559 | D:11     | Found a shimmering altar of Xom.
 18393 | D:12     | Noticed Frances
 18406 | D:12     | Killed Frances
 18502 | D:12     | Found Kicic's Distillery.
 19063 | D:13     | Noticed Snorg
 19072 | D:13     | Killed Snorg
 19307 | D:13     | Noticed Erolcha
 19312 | D:13     | Killed Erolcha
 19382 | D:13     | Found an iron altar of Okawaru.
 19382 | D:13     | Noticed a vampire knight
 19382 | D:13     | Noticed a vampire knight
 19914 | D:14     | Found a gate to the Vaults.
 19973 | D:14     | Found a portal to a secret trove of treasure.
 20196 | D:14     | Reached XP level 15. HP: 139/141 MP: 15/15
 21058 | D:10     | Killed Jorgrun
 21450 | Orc:2    | Entered Level 2 of the Orcish Mines
 22846 | Orc:2    | Identified the +3 leather armour of Fuokhlira {+Blink rF-
                  | rC+ Dex+7}
 22912 | Orc:2    | Found a staircase to the Elven Halls.
 23133 | Orc:2    | Found Laap's Book Emporium.
 23213 | Orc:2    | HP: 7/144 [orc knight/+2 halberd of flaming (3)]
 23214 | Orc:2    | Mangled by an orc knight

Illustrated notes

Levels and vault maps discovered:
D:1:      tekkud_arrival_beachfront_property, layout_loops_ring
D:2:      cheibrodos_helix_gallery, layout_rooms, ebering_ecumenical_altar_box
D:3:      layout_loops_ring, overflow_temple_1_default,
          mainiacjoe_overflow_alcove_2, chequers_serial_rivers_micro_a,
          minmay_misc_feat_doors
D:4:      layout_loops_corners, ebering_ghost_rock_garden,
          nicolae_shop_overcharged_wands
D:5:      layout_rooms, temple_fountains, uniq_edmund, uniq_ijyb, uniq_sigmund
D:6:      layout_basic, mainiacjoe_overflow_24_doors,
          cheibrodos_sewer_entry_sluice,
          serial_library_hellmonk_recessed_alcove, nicolae_stop_n_shop_2,
          kennysheep_generic_room_8
D:7:      layout_gridville, serial_shops, nicolae_lakefront_shop
D:8:      layout_loops_ring, dpeg_lair_monsters, ebering_ghost_rock_garden,
          serial_shops, nicolae_shop_window_shopping
D:9:      layout_roguey, amcnicky_altar_gilded, nicolae_overflow_crystal_walls,
          dilly_guarded_unrand_devastator, uniq_grum
D:10:     layout_loops_cross, nicolae_overflow_hallway_of_the_gods,
          kennysheep_orc_monster_closet_entryway, uniq_sonja
D:11:     layout_loops_ring, minmay_crystal_water, serial_bayou_pond_a,
          regret_index_xom_buried_treasure, kennysheep_generic_room_7,
          uniq_nergalle
D:12:     layout_roguey, serial_shops, nicolae_shop_industrial_runoff,
          minmay_curled_crystal, uniq_frances
D:13:     layout_roguey, minmay_misc_feat_cross,
          mainiacjoe_okawaru_digging_arena, uniq_erolcha, uniq_snorg
D:14:     due_megacathedral, layout_loops_corners, david_vaults_3,
          nicolae_trove_entry_free_sample
Lair:1:   layout_misc_corridors, uniq_joseph, uniq_fannar
Lair:2:   statuecave_lemuel, layout_cave_pods,
          alex1729_swamp_entry_worm_eleionoma, beast_lair_carwin_8
Lair:3:   layout_gridlike, nicolae_spider_entry_lesser_pyramids,
          kilobyte_rumbling_trees
Lair:4:   layout_regular_city, basic_altar, nicolae_lair_yak_garden,
          infiniplex_staircase_pool_2, lemuel_fruit_tree, uniq_rupert
Lair:5:   due_jungle_book, layout_loops_ring, minmay_slime_entry_oklob_open
Orc:1:    layout_caves, hangedman_minor_magic, uniq_jorgrun
Orc:2:    pubby_orc_utopia, uniq_donald

Skill      XL: |  1  2  3  4  5  6  7  8  9 10 11 12 13 14 15 |
---------------+----------------------------------------------+-----
Unarmed Combat | 1 2 4 6 7 9 10 11 12 13 14 16 17 | 17.9
Fighting       | 2 4 5 6 7 8 |  8.3
Dodging        | 3 4 6 7 8 |  8.5
Evocations     | 2 4 |  4.7
Shields        | 5 7 10 12 | 12.7
Throwing       | 3 5 6 7 |  7.5
Ranged Weapons | |  1.2
Spellcasting   | |  1.0
Hexes          | |  2.0
Fire Magic     | |  0.6

Action                     |  1- 3 |  4- 6 |  7- 9 | 10-12 | 13-15 || total
---------------------------+-------+-------+-------+-------+-------++-------
  Melee: Unarmed           |   103 |    70 |   273 |   663 |  1392 ||  2501
         Punch             |       |     2 |    10 |    11 |       ||    23
  Throw: Dart              |       |       |     4 |    14 |     3 ||    21
         Large rock        |       |       |       |    18 |    12 ||    30
         Javelin           |       |       |       |       |     3 ||     3
 Invoke: Sacrifice Love    |     1 |       |       |       |       ||     1
         Sacrifice Purity  |       |       |     1 |     1 |       ||     2
         Sacrifice Arcana  |       |       |     1 |       |       ||     1
         Sacrifice Forms   |       |       |       |     1 |       ||     1
         Reject Sacrifices |       |       |       |       |     2 ||     2
         Sacrifice Stealth |       |       |       |       |     1 ||     1
  Evoke: Wand              |       |     2 |     6 |    16 |    17 ||    41
         Lightning rod     |       |       |       |       |     1 ||     1
    Use: Scroll            |       |       |     8 |    17 |     7 ||    32
         Potion            |       |       |       |     3 |     5 ||     8
   Stab: Sleeping          |     2 |     1 |     3 |       |       ||     6
         Paralysed         |       |     4 |     2 |     4 |       ||    10
         Invisible         |       |       |     2 |     3 |    13 ||    18
         Distracted        |       |       |       |     3 |     4 ||     7
         Petrified         |       |       |       |       |     6 ||     6
         Petrifying        |       |       |       |       |     1 ||     1
 Armour: Robe              |    75 |    22 |   141 |   283 |   602 ||  1123
  Dodge: Dodged            |    40 |    37 |    98 |   200 |   346 ||   721
  Block: Kite shield       |       |       |       |   205 |   625 ||   830
